Map: Thunderbird LE

Players

pHARM - Winner!

  • Race: Zerg Zerg
  • League: Platinum
  • Spawn Location: 5:00

GoGoSqueeze

  • Race: Protoss Protoss
  • League: Diamond
  • Spawn Location: 11:00

VOD

Have the link to the VOD?

Description

Time

  • Played on: Sept. 14, 2019, 9:38 p.m.
  • Length: 15:19
Show
View Real Time Build Order
Export as new Build Order

pHARM Zerg - Winner!

Build Orders: Hatch First 

Get SALT Encoding   

  12  0:03  Drone  
  13  0:13  Overlord  
  13  0:16  Drone  
  14  0:32  Drone  
  14  0:33  Drone  
  16  0:52  Hatchery  
  15  0:59  Drone  
  15  1:00  Drone  
  15  1:02  Drone  
  18  1:18  Spawning Pool  
  17  1:23  Drone x2  
  20  1:32  Drone  
  20  1:38  Extractor  
  19  1:47  Drone  
  20  2:02  Drone  
  20  2:04  Queen x2  
  26  2:08  Drone x2  
  27  2:23  Drone  
  27  2:27  Overlord x2  
  28  2:45  Drone x3  
  31  2:55  Drone  
  31  2:56  Drone, Queen  
  35  3:01  Drone x2, Hatchery  
  36  3:11  Zergling x4  
  38  3:15  Pneumatized Carapace  
  38  3:17  Metabolic Boost  
  38  3:22  Spore Crawler  
  38  3:25  Spore Crawler, Drone  
  38  3:26  Drone x3  
  40  3:33  Drone x3  
  43  3:39  Drone  
  44  3:53  Overlord x2  
  44  4:04  Extractor  
  44  4:05  Extractor  
  42  4:12  Drone x7  
  49  4:31  Lair  
  49  4:56  Drone  
  49  4:59  Drone  
  51  5:00  Drone x7  
  51  5:01  Overlord x2  
  51  5:02  Overlord x2  
  58  5:13  Overlord x3  
  58  5:37  Spire  
  58  5:42  Zergling x22  
  68  5:43  Zergling x6  
  68  5:45  Queen x2  
  68  5:46  Queen  
  77  5:54  Overlord  
  77  5:55  Overlord x3  
  71  6:54  Zerg Flyer Armor Level 1  
  71  6:55  Mutalisk  
  71  6:56  Mutalisk x8  
  89  7:02  Extractor  
  89  7:03  Drone x7  
  89  7:04  Extractor  
  94  7:19  Infestation Pit  
  94  7:20  Extractor  
  92  7:44  Hatchery, Mutalisk  
  91  7:45  Mutalisk x2  
  91  7:46  Drone  
  91  7:47  Drone x6  
  104  7:56  Hive  
  104  8:00  Drone  
  105  8:18  Evolution Chamber  
  104  8:20  Evolution Chamber  
  103  8:33  Mutalisk x6  
  107  8:36  Zergling x14  
  107  8:38  Queen x2  
  112  8:41  Overlord x3  
  112  8:42  Overlord  
  112  8:54  Spore Crawler  
  111  8:55  Spine Crawler  
  111  8:56  Spine Crawler x2  
  111  8:57  Mutalisk  
  111  8:58  Spore Crawler, Mutalisk x3  
  111  8:59  Zergling x2  
  111  9:00  Zergling x14  
  114  9:12  Mutalisk  
  114  9:13  Mutalisk  
  114  9:14  Zergling x6  
  114  9:15  Zergling x2  
  103  9:25  Mutalisk x2  
  103  9:27  Zergling x8  
  100  9:40  Zergling x2, Mutalisk  
  100  9:41  Mutalisk x2  
  100  9:42  Zergling x4  
  99  9:53  Mutalisk  
  90  10:14  Hatchery  
  90  10:16  Drone  
  90  10:22  Zergling x2  
  90  10:23  Zergling x16  
  99  10:30  Zerg Ground Armor Level 1, Zerg Melee Weapons Level 1  
  88  10:47  Mutalisk x4  
  94  11:00  Adrenal Glands  
  94  11:19  Hatchery  
  93  11:32  Ultralisk Cavern  
  92  11:43  Zergling x16  
  92  11:44  Zergling x8  
  104  11:54  Drone x2  
  104  11:55  Drone x3  
  109  12:16  Drone x4  
  113  12:24  Ultralisk x4  
  113  12:25  Ultralisk  
  113  12:26  Overlord x4  
  143  12:33  Chitinous Plating  
  143  12:45  Zergling x2  
  143  12:46  Zergling x18  
  153  13:04  Drone x4  
  153  13:05  Drone x2  
  159  13:14  Drone  
  159  13:15  Drone x11  
  123  13:42  Ultralisk  
  123  13:43  Ultralisk x4  
  156  14:03  Zergling x4, Ultralisk x2  
  156  14:04  Zergling x20  
  156  14:05  Zergling x2  
  148  14:33  Zergling x6  
  148  14:34  Zergling x34  
  152  14:47  Extractor  
  152  14:52  Extractor  
  147  14:53  Zergling x2  
  147  14:54  Zergling x8  
Show
View Real Time Build Order
Export as new Build Order

GoGoSqueeze Protoss 

Build Orders: 1 Gate Expand, Phoenix Opening 

Get SALT Encoding   

  12  0:01  Probe (Chrono Boost)  
  13  0:11  Probe (Chrono Boost)  
  14  0:23  Pylon, Probe  
  15  0:41  Probe  
  16  0:44  Gateway  
  16  0:53  Probe, Assimilator  
  17  1:05  Probe (Chrono Boost)  
  18  1:16  Probe (Chrono Boost)  
  19  1:21  Probe (Chrono Boost)  
  20  1:30  Nexus  
  20  1:41  Cybernetics Core  
  20  1:51  Assimilator  
  20  1:59  Probe  
  21  2:06  Pylon  
  21  2:11  Probe  
  22  2:28  Adept  
  22  2:29  Warp Gate  
  24  2:37  Stargate  
  24  2:42  Probe (Chrono Boost)  
  24  2:43  Probe (Chrono Boost)  
  27  2:53  Probe (Chrono Boost)  
  27  2:54  Probe (Chrono Boost)  
  27  2:58  Probe (Chrono Boost)  
  28  3:00  Gateway, Adept  
  28  3:03  Probe  
  32  3:10  Probe (Chrono Boost)  
  32  3:11  Shield Battery  
  34  3:21  Pylon  
  34  3:25  Phoenix, Probe (Chrono Boost)  
  36  3:33  Probe x2 (Chrono Boost)  
  38  3:37  Gateway  
  37  3:48  Probe (Chrono Boost)  
  39  3:52  Probe (Chrono Boost)  
  39  3:53  Pylon  
  39  3:58  Probe (Chrono Boost)  
  39  4:02  Robotics Facility  
  40  4:03  Probe  
  40  4:04  Probe  
  40  4:08  Assimilator  
  42  4:19  Phoenix  
  44  4:36  Probe (Chrono Boost)  
  46  4:41  Probe (Chrono Boost)  
  46  4:44  Phoenix  
  46  4:45  Assimilator  
  49  4:46  Probe (Chrono Boost), Stalker x2  
  49  4:47  Stalker  
  49  4:48  Pylon  
  49  4:50  Probe (Chrono Boost)  
  49  4:51  Pylon  
  56  4:56  Immortal  
  60  5:14  Probe x2  
  60  5:16  Stalker x3  
  68  5:35  Probe x2  
  70  5:36  Immortal  
  70  5:41  Stalker  
  70  5:42  Stalker  
  78  6:21  Twilight Council  
  78  6:36  Pylon  
  78  6:38  Pylon  
  78  6:41  Pylon  
  78  6:42  Pylon  
  78  6:58  Phoenix  
  78  7:00  Immortal, Resonating Glaives (Chrono Boost)  
  84  7:02  Nexus  
  84  7:04  Pylon  
  84  7:06  Pylon  
  84  7:09  Pylon, Adept x3  
  84  7:11  Pylon  
  84  7:14  Assimilator  
  90  7:18  Assimilator  
  90  7:23  Phoenix  
  90  7:29  Probe  
  94  7:30  Probe  
  94  7:32  Adept x2  
  94  7:33  Adept  
  100  7:39  Immortal (Chrono Boost)  
  100  7:42  Probe  
  105  7:49  Pylon  
  105  7:54  Forge  
  105  7:56  Forge, Adept x3  
  111  8:10  Warp Prism  
  113  8:17  Adept x3  
  119  8:26  Probe (Chrono Boost)  
  122  8:29  Protoss Ground Armor Level 1, Protoss Ground Weapons Level 1  
  122  8:30  Probe (Chrono Boost)  
  122  8:31  Probe (Chrono Boost)  
  122  8:36  Probe (Chrono Boost)  
  122  8:40  Probe x2 (Chrono Boost)  
  125  8:44  Probe  
  126  8:50  Probe x2  
  124  9:11  Stalker  
  124  9:12  Stalker x2  
  114  9:37  Stalker x3  
  112  9:45  Phoenix, Blink (Chrono Boost)  
  96  9:54  Shield Battery  
  96  9:57  Shield Battery  
  96  9:59  Photon Cannon  
  76  10:01  Photon Cannon  
  76  10:04  Photon Cannon  
  60  10:08  Stalker x3  
  60  10:10  Phoenix  
  60  10:13  Photon Cannon  
  66  10:17  Photon Cannon  
  66  10:20  Photon Cannon  
  66  10:25  Photon Cannon  
  66  10:26  Pylon  
  66  10:29  Shield Battery, Photon Cannon  
  66  10:31  Shield Battery, Photon Cannon  
  66  10:32  Shield Battery  
  66  10:35  Photon Cannon, Phoenix  
  68  10:36  Shield Battery  
  68  10:38  Stalker x2  
  68  10:39  Stalker  
  70  10:46  Protoss Ground Armor Level 2 (Chrono Boost), Protoss Ground Weapons Level 2 (Chrono Boost)  
  68  11:00  Phoenix, Probe (Chrono Boost)  
  73  11:05  Probe x2 (Chrono Boost), Adept x3  
  79  11:13  Probe (Chrono Boost)  
  79  11:15  Photon Cannon  
  79  11:18  Shield Battery  
  80  11:22  Gateway  
  80  11:23  Gateway  
  80  11:25  Phoenix  
  82  11:37  Adept x3  
  88  11:43  Templar Archives  
  88  11:50  Phoenix  
  88  11:54  Warp Prism  
  90  11:58  Stalker  
  90  11:59  Stalker x2  
  98  12:15  Phoenix  
  100  12:20  Gateway  
  100  12:22  High Templar x3  
  102  12:23  High Templar x2  
  102  12:26  Archon x2  
  110  12:38  Observer  
  110  12:40  Phoenix  
  113  12:55  High Templar  
  113  12:56  High Templar x4  
  123  12:59  Archon  
  123  13:00  Archon x2  
  123  13:08  Phoenix  
  123  13:10  Immortal  
  99  13:27  Adept  
  99  13:28  Adept  
  99  13:30  Adept x3  
  99  13:31  Adept  
  78  13:54  High Templar x3  
  78  13:55  High Templar  
  86  13:56  Zealot  
  86  13:57  Zealot  
  86  13:59  Archon  
  86  14:00  Archon  
  68  14:21  Stalker  
  60  14:29  Stalker x4  
Tags
 
Add a new tag
Caveats
  • Supply blocks, unpowered buildings, or Contaminate may cause inaccurate times.
  • Supply counts are checked every 10 seconds.